TKirby, chaotic male elven Ranger ------ ----- |....| |...| |.``.----.`.| |..`......%.| |..--->---..| |---------.--- |..^^^<|....%| |..----|`.`..| --^| |.....| |^-----.%...| |..u@...%...| |?.---------- ---- TKirby the Trailblazer Experience level: 8 Strength: 16 Dexterity: 12 Constitution: 14 Intelligence: 13 Wisdom: 15 Charisma: 7 Health: 0(43) Energy: 46(46) Def: 7 Gold: 214 Moves: 5990 Dungeon seed: 5-fzfwd93paN0VgE Game ID: TKirby_1507317441 Your Inventory: Coins $ - 214 gold pieces Amulets F - a cursed amulet of strangulation Weapons a - the +1 Sting (alternate weapon; not wielded) b - a +1 elven bow (weapon in hand) c - a +2 elven arrow d - 12 +0 elven arrows (in quiver) Armor e - an uncursed +2 elven cloak (being worn) q - an uncursed +0 pair of low boots (being worn) z - an uncursed +0 studded leather armor (being worn) Comestibles f - 3 uncursed lembas wafers D - 3 uncursed food rations Rings S - a cursed ring of shock resistance Wands i - a wand of cancellation (0:5) Q - a wand of make invisible (0:7) Z - a blessed wand of speed monster (0:3) Tools u - an uncursed magic lamp w - 14 uncursed tallow candles (0:200) x - an uncursed lock pick L - an uncursed oilskin sack Gems n - 2 uncursed worthless pieces of violet glass r - an uncursed black opal y - an uncursed worthless piece of yellow glass B - 3 uncursed opals C - an uncursed citrine stone G - 3 uncursed worthless pieces of black glass H - 2 uncursed worthless pieces of blue glass J - an uncursed ruby K - an uncursed obsidian stone M - 3 uncursed worthless pieces of yellowish brown glass N - an uncursed worthless piece of white glass P - an uncursed turquoise stone T - an uncursed jasper stone Y - an uncursed emerald Contents of the oilskin sack: an uncursed scroll of amnesia a blessed scroll of blank paper an uncursed scroll of confuse monster 2 uncursed scrolls of create monster an uncursed scroll of enchant weapon a cursed scroll of fire 3 uncursed scrolls of identify a blessed scroll of remove curse 2 uncursed scrolls of remove curse a cursed scroll of stinking cloud a cursed scroll of teleportation a cursed potion of blindness an uncursed potion of extra healing a cursed potion of extra healing an uncursed potion of gain energy an uncursed potion of levitation a blessed potion of oil a blessed potion of paralysis 3 uncursed potions of paralysis an uncursed potion of see invisible an uncursed potion of sleeping an uncursed potion of water Spells and supernatural/magical abilities: Name Level Category Fail Memory W - pray for help -- divine ? -- Your skills at the end: Fighting Skills Weapon Skills dagger [Basic] bow [Expert] Spellcasting Skills Final Attributes: You were piously aligned. You were sleep resistant. You had automatic searching. You had infravision. You were stealthy. You are dead. Vanquished creatures: a ghost a large mimic a small mimic a dwarf king 2 giant beetles a wolf a leprechaun 2 iron piercers a giant spider a horse a werewolf 2 dogs a gnome mummy a human zombie a mountain nymph a yellow light a shrieker 9 gnome lords 3 gnomish wizards a red naga hatchling a golden naga hatchling a ghoul a straw golem a little dog 2 floating eyes a kitten 11 dwarves a kobold lord 2 hill orcs 6 monkeys a werejackal 2 iguanas 3 acid blobs 2 gas spores 2 hobbits a hobgoblin 2 giant rats a cave spider 2 red molds 40 gnomes 2 geckos a fox 2 kobolds a goblin 3 sewer rats 4 grid bugs 4 lichens a kobold zombie 3 newts 137 creatures vanquished. Voluntary challenges: You used a wielded weapon 99 times, starting on turn 1. You were illiterate. You never genocided any monsters. You never polymorphed an object. You never changed form. You used no wishes. You never split a pudding. You never wrote Elbereth's name. You never violated your personal moral code. Dungeon overview: The Dungeons of Doom: levels 1 to 7 Level 1 a long staircase Level 2 an altar to Venus, a fountain Level 3 a fountain, a sink Level 4 a fountain stairs to The Gnomish Mines Level 5 a general store Level 6 many fountains Level 7 stairs to Sokoban The Gnomish Mines: levels 5 to 11 Level 5 stairs to The Dungeons of Doom Level 6 Level 7 Level 8 some shops, a temple to Mars, some fountains, a sink Level 9 Level 10 Level 11 Sokoban: Level 6 <- You were here stairs to The Dungeons of Doom History has recorded: On T:1 you entered the Dungeons of Doom to retrieve the Amulet of Yendor! On T:385 you reached level 2 of The Dungeons of Doom. On T:435 you advanced to experience level 2. On T:724 you reached level 3 of The Dungeons of Doom. On T:969 you reached level 4 of The Dungeons of Doom. On T:1243 you advanced to experience level 3. On T:1446 you reached level 1 of The Gnomish Mines. On T:1515 you advanced to experience level 4. On T:1841 you reached level 2 of The Gnomish Mines. On T:1855 you advanced to experience level 5. On T:2115 you reached level 6 of The Gnomish Mines. On T:2164 you advanced to experience level 6. On T:3081 you advanced to experience level 7. On T:3138 you reached level 7 of The Gnomish Mines. On T:3305 you reached level 5 of The Gnomish Mines. On T:3797 you reached level 4 of The Gnomish Mines. On T:4150 you advanced to experience level 8. On T:4519 you reached level 3 of The Gnomish Mines. On T:4874 you reached level 5 of The Dungeons of Doom. On T:5386 you reached level 6 of The Dungeons of Doom. On T:5622 you reached level 7 of The Dungeons of Doom. On T:5846 you reached level 4 of Sokoban. Score breakdown: Gold: 214 ( 7934 points) Experience: 8 levels (14739 points) Exploration: 11 levels ( 20.75%) (13155 points) Discoveries: 7 items ( 2.41%) ( 4660 points) Valuables value: (no points given unless you survive) Artifact value: 800 ( 9877 points) Variety of kills: 49 monsters ( 12.86%) (10758 points) Turncount: 5990 turns (-1621 points) Survival: died (score multiplied by 80%) Total score: 47601 Latest messages: The 3rd elven arrow hits the giant beetle! The 4th elven arrow hits the giant beetle! You kill the giant beetle! You have a little trouble lifting d - 3 +0 elven arrows (in quiver). You see here a giant beetle corpse. With great effort you move the boulder. You see here a giant beetle corpse. With great effort you move the boulder. You see here 2 eggs. The boulder fills a pit. The horse kicks! The horse bites! The elven arrow hits the horse! The horse kicks! The horse bites! The elven arrow hits the horse! The horse just misses! The horse bites! The horse kicks! You die... Final status: Goodbye TKirby the Ranger, killed by a horse... You died in Sokoban on dungeon level 6 with 47601 points, and 214 pieces of gold, after 5990 moves. You were level 8 with a maximum of 43 hit points when you died.